 Dungeon Crawl Stone Soup version 0.17-a0-2208-ge5ab1d3 (webtiles) character file.

845371 Kolbur the Phalangite (level 27, 0/194 HPs)
             Began as a Merfolk Ice Elementalist on Sept 26, 2015.
             Was the Champion of Makhleb.
             Slain by a reaper
             ... wielding a +2 scythe of protection
              (40 damage)
             ... on level 7 of Cocytus on Oct 26, 2015.
             The game lasted 19:32:57 (36348 turns).

Kolbur the Phalangite (Merfolk Ice Elementalist)   Turns: 36348, Time: 19:32:57

Health: 0/194      AC: 24    Str: 16    XL:     27
Magic:  19/52      EV: 34    Int: 24    God:    Makhleb [******]
Gold:   1502       SH:  0    Dex: 24    Spells: 16 memorised, 0 levels left

rFire  + . .     SeeInvis .     a - +12 Glaive of Prune {chop}
rCold  + . .     Clarity  .     G - quicksilver dragon armour
rNeg   + . .     SustAt   .     (no shield)
rPois  +         Gourm    .     B - -1 helmet "Wimouc" {rElec Int+3}
rElec  +         Spirit   .     T - +2 cloak {+Inv}
rCorr  .         Warding  .     n - +2 pair of fencer's gloves {LBl+4 SBl+4 EV+3 Dex+6}
rMut   .         Rnd*Tele +     s - +2 pair of boots {run}
MR     +++..                    r - amulet of regeneration
Stlth  ++++++++..               q - ring of Propriety {rF+ rN+ Dex+2 Stlth+}
                                t - ring of Waudipt {+/*Tele rPois MP+9 Int+3}

@: about to teleport, very slightly contaminated, hasted, deflect missiles, very
quick, extremely resistant to hostile enchantments, extraordinarily stealthy
A: change form in water, swift swim, blurry vision 1, clever 1, clumsy 2, cold
resistance 1, frail 1, strong 1
a: Minor Destruction, Lesser Servant of Makhleb, Major Destruction, Greater
Servant of Makhleb, Renounce Religion, Evoke Invisibility, Evoke Teleportation
}: 11/15 runes: decaying, slimy, silver, golden, abyssal, demonic, glowing,
magical, fiery, dark, gossamer


You were on level 7 of Cocytus.
You worshipped Makhleb.
Makhleb was exalted by your worship.
You were not hungry.

You visited 13 branches of the dungeon, and saw 66 of its levels.
You visited Pandemonium 1 time, and saw 30 of its levels.
You visited the Abyss 2 times.
You visited 1 ziggurat, and saw 13 of its levels.
You also visited: Ice Cave.

You collected 4657 gold pieces.
You spent 3031 gold pieces at shops.

Inventory:

Hand Weapons
 a - the +12 Glaive of Prune (weapon) {chop}
   (You acquired it on level 1 of the Depths)

   It inflicts extra damage upon your enemies.
 J - a +2 bardiche of freezing
Missiles
 A - 34 steel javelins (quivered)
 P - 2 throwing nets
Armour
 b - the +7 fire dragon armour of Qarygehi {+Fly rF++ rC- Str-4 Int+10 Dex+3}
   (You found it on level 3 of the Tomb of the Ancients)

   It affects your strength (-4).
   It affects your intelligence (+10).
   It affects your dexterity (+3).
   It greatly protects you from fire.
   It makes you vulnerable to cold.
   It lets you fly.
 n - the +2 pair of fencer's gloves (worn) {LBl+4 SBl+4 EV+3 Dex+6}
   (You found it on level 10 of the Dungeon)

   It affects your evasion (+3).
   It affects your dexterity (+6).
 s - a +2 pair of boots of running (worn)
 B - the -1 helmet "Wimouc" (worn) {rElec Int+3}
   (You found it on level 5 of the Vaults)

   It affects your intelligence (+3).
   It insulates you from electricity.
 G - a quicksilver dragon armour (worn)
 T - a +2 cloak of invisibility (worn)
Magical Staves
 e - an uncursed staff of energy
Jewellery
 f - the ring "Ketwenu" {rN+ Int+3 SInv}
   (You found it on level 3 of the Crypt)

   [ring of positive energy]

   It affects your intelligence (+3).
   It protects you from negative energy.
   It lets you see invisible.
 q - the ring of Propriety (right hand) {rF+ rN+ Dex+2 Stlth+}
   (You found it on level 3 of the Crypt)

   [ring of positive energy]

   It affects your dexterity (+2).
   It protects you from fire.
   It protects you from negative energy.
   It makes you more stealthy.
 r - an amulet of regeneration (around neck)
 t - the ring of Waudipt (left hand) {+/*Tele rPois MP+9 Int+3}
   (You found it in Pandemonium)

   [ring of teleportation]

   It may teleport you to nearby monsters, and can be evoked to randomly
   teleport.
   It affects your intelligence (+3).
   It protects you from poison.
   It affects your magic capacity (+9).
 z - the ring of Incredulity {rElec MR- AC+3 Str+3 Stlth+}
   (You found it on level 13 of a ziggurat)

   [ring of protection]

   It affects your AC (+3).
   It affects your strength (+3).
   It insulates you from electricity.
   It affects your resistance to hostile enchantments.
   It makes you more stealthy.
 I - the amulet of the Pariah {Stasis Dex+3}
   (You found it in Pandemonium)

   [amulet of stasis]

   It prevents you from being teleported, slowed, hasted or paralysed.
   It affects your dexterity (+3).
 M - the ring of Feunirch {rC+ Stlth+}
   (You found it on level 6 of the Pits of Slime)

   [ring of stealth]

   It protects you from cold.
   It makes you more stealthy.
 U - the ring of Abuniaq {rElec rPois rN+ MR- Int+5}
   (You found it on level 7 of a ziggurat)

   [ring of positive energy]

   It affects your intelligence (+5).
   It insulates you from electricity.
   It protects you from poison.
   It protects you from negative energy.
   It affects your resistance to hostile enchantments.
 Z - the ring of Moreocum {rF+ rN+ MR++ Str+3 Dex-4}
   (You found it on level 3 of the Crypt)

   [ring of positive energy]

   It affects your strength (+3).
   It affects your dexterity (-4).
   It protects you from fire.
   It protects you from negative energy.
   It affects your resistance to hostile enchantments.
Wands
 i - a wand of teleportation (4)
 v - a wand of cold (0)
 w - a wand of digging (6)
 O - a wand of fire (8)
Scrolls
 j - 5 scrolls of fog
 o - 8 scrolls of teleportation
 p - a scroll of holy word
 x - 3 scrolls of fear
 Q - 7 scrolls of remove curse
 V - 10 scrolls of recharging
 Y - 2 scrolls of magic mapping
Potions
 d - 10 potions of curing
 g - a potion of cancellation
 k - 6 potions of might
 m - 4 potions of cure mutation
 y - 2 potions of agility
 C - 4 potions of brilliance
 K - a potion of heal wounds
 N - 7 potions of ambrosia
 R - a potion of magic
 S - 3 potions of resistance
Books
 L - an Akashic Record

   Spells                             Type                      Level
   a - Dispersal                      Translocation                6
   b - Malign Gateway                 Summoning/Translocation      7
   c - Disjunction                    Translocation                8
   d - Controlled Blink               Translocation                8
Miscellaneous
 l - a legendary deck of wonders {drawn: 5}
 u - a sack of spiders
 D - a lamp of fire
 H - an ornate deck of summoning {drawn: 1}
 W - a phial of floods
 X - a fan of gales
Comestibles
 c - 28 bread rations
 h - 8 royal jellies
 E - 28 fruits


   Skills:
 + Level 17.7 Fighting
 - Level 22.2 Polearms
 - Level 2.0 Throwing
 - Level 11.0 Armour
 - Level 20.3 Dodging
 - Level 18.0 Stealth
 - Level 16.0 Spellcasting
   Level 0.7 Conjurations
 - Level 9.0 Hexes
 - Level 13.0 Charms
 - Level 10.0 Summonings
 - Level 2.0 Necromancy
 - Level 9.0 Translocations
 - Level 6.2 Transmutations
 + Level 12.1 Ice Magic
 - Level 7.0 Air Magic
 - Level 2.0 Earth Magic
 - Level 8.2 Invocations
 - Level 14.0 Evocations


You couldn't memorise any spells.
You knew the following spells:

 Your Spells              Type           Power        Failure   Level  Hunger
a - Animate Skeleton      Necr           N/A          1%          1    None
b - Blink                 Tloc           N/A          1%          2    None
c - Shadow Creatures      Summ           N/A          1%          5    #......
g - Passage of Golubria   Tloc           N/A          1%          4    None
h - Haste                 Chrm           ######..     3%          6    ####...
j - Aura of Abjuration    Summ           ######....   1%          5    #......
m - Deflect Missiles      Chrm/Air       ######....   12%         6    ####...
p - Phase Shift           Tloc           ######....   3%          5    #......
r - Regeneration          Chrm/Necr      ######....   1%          3    None
w - Spectral Weapon       Hex/Chrm       ######..     1%          3    None
z - Apportation           Tloc           ######....   1%          1    None
B - Summon Butterflies    Summ           ######..     1%          1    None
O - Ozocubu's Refrigerat  Ice            ######....   6%          6    ####...
P - Passwall              Trmt/Erth      #####.....   2%          3    None
Q - Silence               Hex/Air        ######....   6%          5    #......
S - Song of Slaying       Chrm           ######..     1%          2    None


Dungeon Overview and Level Annotations

Branches:
Dungeon (15/15)            Temple (1/1) D:7            Lair (8/8) D:11
  Swamp (4/4) Lair:6       Spider (4/4) Lair:3        Slime (6/6) Lair:7
    Orc (4/4) D:12            Elf (0/3) Orc:3        Vaults (5/5) D:13
  Crypt (3/3) Vaults:3       Tomb (3/3) Crypt:3      Depths (5/5) D:15
   Hell (1/1)                 Coc (7/7) Hell            Zot (0/5) Depths:5
    Dis: Hell:1         Geh: Hell:1         Tar: Hell:1

Altars:
Gozag
Kikubaaqudgha
Makhleb
Nemelex Xobeh
Qazlal
Ru
Trog
Xom
Jiyva

Shops:
D:4 :   D:7 *   Orc:1 !   Orc:4 *[[(   Vaults:5 *   Depths:4 :

Portals:
Hell: Depths:1 Depths:4 Depths:5
Abyss: Depths:3 Depths:4 Depths:5
Pandemonium: Depths:3
Trove: Depths:5 (give 12 potions of heal wounds)

Annotations:
Swamp:2 exclusion: Roxanne, Roxanne
Hell exclusion: 2 ice statues, Geryon, Murray
Coc:7 Antaeus, Serpent of Hell


Innate Abilities, Weirdness & Mutations

You revert to your normal form in water.
You are very nimble and swift while swimming.
Scrolls take you a little longer to read.
Your mind is acute. (Int +2)
You are very clumsy. (Dex -4)
Your flesh is cold resistant.
You are frail (-10% HP).
Your muscles are strong. (Str +2)


Message History

The Ice Fiend completely misses you. Antaeus misses you.
Antaeus completely misses you.
You suddenly feel all small and vulnerable.
A reaper and an elemental wellspring come into view.
Casting: Passage of Golubria
Confirm with . or Enter, or press ? or * to list all spells.
You blink.
An ice devil, a mummy, a zombie, a skeleton and an elemental wellspring come into view.
The Ice Fiend gestures at you.
The bolt of cold hits the reaper.
The reaper resists.
The bolt of cold misses you.
Casting: Blink
Confirm with . or Enter, or press ? or * to list all spells.
Aiming: Apportation
Press: ? - help Apport: an icy rune of Zot Yoink!
You pull the item towards yourself.
The blue devil barely misses you.
The reaper hits you from afar with a scythe of protection!!!
You die...

≈≈≈≈.≈≈ #####
≈≈≈≈.≈≈ ≈..
##$.)## ≈≈≈≈≈≈≈
≈.. #$$.)[#
≈≈≈≈≈≈≈ ≈...
#$$.)=# ≈≈≈..≈≈
≈....#$$11:# .
≈≈≈..≈≈
≈....##$C1# ..M
≈†≈..≈#
≈.....##2##..3.
†≈..≈≈#
≈≈......4......
....≈≈#
≈≈Z....@......≈
.∩.≈≈≈#
≈≈≈≈.........≈≈
...≈≈≈#
≈≈≈≈≈≈......≈≈≈
.≈≈≈≈≈#
≈≈≈≈E≈≈..ZE≈≈≈≈
≈≈≈≈≈##
≈≈≈≈≈≈≈≈≈≈≈≈≈≈≈
≈≈≈≈≈#
#≈≈≈≈≈≈≈≈≈≈≈≈≈≈
≈≈≈≈##
##≈≈≈≈≈≈≈≈≈≈≈≈≈
#####
##############


You could see Antaeus, 3 Ice Fiends, a reaper, 2 elemental wellsprings, an ice
devil, a blue devil, a mummy, a swamp dragon zombie and a seven-headed hydra
skeleton.

Vanquished Creatures
  the royal jelly (Slime:6)
  2 ancient liches
  Khufu (Crypt:3)
  12 greater mummies
  A shard shrike (Coc:7)
  The ghost of B1inky the Tortoise, a legendary KoBe of Ru (Zig:7)
  Norris (Spider:3)
  A profane servitor (Crypt:3)
  the Enchantress (Depths:5)
  2 golden dragons
  Xtahua (Crypt:1)
  3 bone dragons
  A hellephant (Pan)
  A pandemonium lord (Pan)
  5 liches
  2 Ice Fiends
  3 tentacled monstrosities
  4 Hell Sentinels
  2 quicksilver dragons (Vaults:5)
  20 acid blobs
  2 titans (Vaults:5)
  An octopode crusher (Depths:3)
  6 Executioners (Pan)
  5 ancient champions
  12 sphinxes
  4 thorn hunters (Swamp:4)
  3 tengu reavers
  A draconian monk (Zig:12)
  4 revenants
  2 storm dragons
  6 shadow dragons
  Wiglaf (Crypt:1)
  A deep elf sorcerer (Vaults:5)
  9 azure jellies
  5 frost giants
  Donald (Vaults:3)
  4 fire giants
  4 orc warlords
  An iron dragon (Depths:5)
  3 ghost moths
  6 vault wardens
  2 draconian knights
  Aizul (Vaults:3)
  Louise (Spider:3)
  8 balrugs
  A curse skull (Zig:11)
  7 emperor scorpions
  4 ghouls (Crypt:3)
  4 warmongers (Pan)
  3 angels
  9 cacodemons
  The ghost of Armakuni the Carver, a powerful DgWn (D:12)
  3 spriggan defenders (Depths:5)
  4 draconian annihilators
  A salamander firebrand (Depths:5)
  10 ironheart preservers
  A reaper (Pan)
  14 stone giants
  4 blood saints
  3 war gargoyles
  3 deep elf demonologists (Vaults:5)
  7 very ugly things
  A draconian caller (Zig:12)
  4 deep elf annihilators
  A yellow draconian (Zig:12)
  3 green draconians
  A black draconian (Zig:12)
  4 lorocyprocas (Pan)
  3 red draconians
  3 bennus (Tomb:2)
  3 chaos champions (Pan)
  A corrupter (Pan)
  3 salamander stormcallers
  3 black suns
  4 white draconians
  3 mottled draconians
  5 vampire knights
  3 green deaths (Pan)
  9 ettins
  36 vault guards
  3 merfolk javelineers
  2 deep elf death magi
  2 eidola (Zig:11)
  3 death oozes
  19 jiangshi
  A fire dragon (Depths:5)
  3 merfolk impalers
  18 mummy priests
  A spectral golden dragon (Crypt:3)
  Josephine (D:10)
  4 entropy weavers
  11 yaktaur captains
  4 blizzard demons
  2 rakshasas (Pan)
  A quicksilver dragon skeleton (D:15)
  7 ice dragons
  12 hydras
  4 hell beasts (Pan)
  7 great orbs of eyes
  A caustic shrike simulacrum (Depths:3)
  7 monstrous demonspawn (Pan)
  A ghost crab (Swamp:4)
  12 ogre magi
  7 death knights
  A merfolk aquamancer (Zig:6)
  2 spriggan air magi
  6 deep troll shamans
  7 centaur warriors
  A dancing weapon (Vaults:5)
  4 vampire magi
  A tengu warrior (D:14)
  A spriggan berserker (Depths:5)
  5 soul eaters
  2 hell hogs
  5 deep troll earth magi
  A storm dragon zombie (Depths:3)
  3 iron golems (Zig:10)
  8 thrashing horrors
  6 wretched stars
  A spectral spriggan (Zig:4)
  13 sun demons
  4 iron trolls
  18 death scarabs
  5 shadow wraiths
  14 skeletal warriors
  A storm dragon skeleton (Tomb:2)
  8 ice devils
  4 gelid demonspawn (Pan)
  6 spatial maelstroms
  A salamander mystic (Depths:5)
  19 deep trolls
  A golden dragon zombie (Coc:7)
  An anaconda zombie (Coc:7)
  A cherub (Pan)
  5 flayed ghosts
  An unseen horror (D:14)
  4 infernal demonspawn (Pan)
  A sea snake (Zig:6)
  4 giant orange brains
  4 torturous demonspawn (Pan)
  A spriggan druid (Swamp:4)
  3 hill giants
  2 ice statues (IceCv)
  A harpy (shapeshifter) (D:13)
  6 phantasmal warriors
  7 swamp dragons (Swamp:4)
  A shadow demon (Pan)
  23 anubis guards
  An obsidian statue (Depths:4)
  2 shambling mangroves
  5 harpies (Zig:6)
  A tengu zombie (Depths:3)
  4 wizards
  Pikel (D:5)
  2 putrid demonspawn (Pan)
  5 necromancers
  2 lindwurms
  A wolf spider zombie (Tomb:2)
  3 orc knights
  A lindwurm (shapeshifter) (Vaults:5)
  2 shadow dragon zombies
  4 deep elf conjurers
  22 wolf spiders
  5 hornets
  8 orb spiders
  26 ugly things
  7 salamanders (Depths:5)
  2 orc sorcerers
  A fire giant zombie (Depths:3)
  4 oklob plants (Lair:7)
  5 ironbrand convokers
  A frost giant zombie (Tomb:3)
  18 large abominations
  A sphinx skeleton (Depths:3)
  A cyclops (shapeshifter) (Vaults:5)
  4 cyclopes
  122 slime creatures
  4 moths of wrath
  4 shining eyes
  A guardian serpent (shapeshifter) (Vaults:2)
  3 rust devils
  An elephant (shapeshifter) (Depths:3)
  12 sixfirhies (Pan)
  10 elephants
  4 griffons
  A shock serpent zombie (Crypt:1)
  2 centaur zombies
  A worldbinder (Abyss:3)
  A salamander (shapeshifter) (Vaults:4)
  10 vault sentinels
  3 frost giant skeletons
  2 manticores
  A torpor snail (Spider:3)
  3 apocalypse crabs
  A dire elephant zombie (Crypt:3)
  4 eyes of devastation
  5 black mambas
  3 gargoyles (Zig:10)
  A stone giant skeleton (Tomb:1)
  A kobold demonologist (D:14)
  8 spiny frogs
  3 naga magi (Zig:8)
  7 orange demons
  An efreet (Pan)
  2 dire elephant skeletons (Tomb:1)
  23 smoke demons
  22 hellions
  12 demonic crawlers
  A sea snake zombie (Crypt:1)
  2 entropy weaver zombies
  9 hellwings
  6 komodo dragons
  A golden dragon simulacrum (Depths:3)
  3 tormentors
  4 ancient zymes
  36 guardian mummies
  12 red devils
  A hydra zombie (Crypt:3)
  3 merfolk (Zig:6)
  10 trolls
  2 fire drakes (Lair:6)
  26 yaktaurs
  12 blue devils
  9 freezing wraiths
  2 deep elf priests (Vaults:5)
  2 giant leeches
  A polar bear (Lair:5)
  3 tengu conjurers
  4 blink frogs
  19 jumping spiders
  A two-headed ogre (shapeshifter) (Vaults:2)
  A polar bear (shapeshifter) (Depths:2)
  4 raiju (Zig:13)
  An ice dragon zombie (Tomb:2)
  A queen bee (Orc:2)
  7 bog bodies
  7 small abominations
  A hydra skeleton (Hell)
  20 ushabtiu
  6 boulder beetles
  A fire giant simulacrum (Depths:3)
  7 spriggans
  20 two-headed ogres
  9 trapdoor spiders
  A deep troll zombie (D:15)
  41 flying skulls
  A vampire (Crypt:1)
  5 ynoxinuls
  5 air elementals
  4 shadows
  8 tarantellas
  35 redbacks
  2 spriggan skeletons
  2 ettin skeletons
  A frost giant simulacrum (Depths:3)
  14 neqoxecs
  2 deep elf magi
  5 water elementals
  3 golden eyes
  2 ice dragon skeletons
  2 wyverns
  A black mamba zombie (Crypt:2)
  8 hippogriffs
  4 basilisks
  9 chaos spawn
  21 vampire mosquitoes
  7 wraiths
  3 hungry ghosts
  8 wargs
  26 yaks
  5 wolves (Lair:6)
  A monstrous demonspawn zombie (Crypt:1)
  14 swamp worms
  5 sky beasts
  6 water moccasins
  4 ice beasts
  2 black bears
  24 orc warriors
  8 swamp drakes
  2 phantoms
  A spiny frog skeleton (Pan)
  An eye of draining (shapeshifter) (Depths:3)
  3 porcupines
  14 spiders
  17 wasps
  A boggart (D:13)
  A snapping turtle zombie (Tomb:2)
  8 eyes of draining
  A manticore skeleton (Crypt:1)
  6 necrophages
  50 ogres
  20 centaurs
  An alligator simulacrum (Coc:5)
  5 crocodiles
  3 big kobolds
  12 giant frogs
  A hog skeleton (Crypt:2)
  Blork the orc (D:6)
  A spiny frog simulacrum (Coc:7)
  A brain worm (shapeshifter) (Vaults:5)
  A brain worm (Pan)
  A gnoll sergeant (D:8)
  A wyvern zombie (D:6)
  An elf skeleton (Crypt:1)
  2 wyvern skeletons (D:13)
  5 scorpions
  22 killer bees
  3 wights (Crypt:1)
  2 electric eels (D:13)
  6 crimson imps
  12 starcursed masses
  21 orc priests
  4 centaur skeletons
  6 hounds
  2 iron imps
  2 giant frog zombies
  28 jellies
  2 quasits (Depths:3)
  11 iguanas
  A gnoll shaman (D:9)
  30 orc wizards
  2 giant frog skeletons
  11 worker ants
  22 sheep
  5 hound zombies
  23 mummies
  A scorpion zombie (Crypt:1)
  9 adders
  37 river rats
  13 gnolls
  2 shadow imps (Depths:3)
  19 white imps
  A giant eyeball (Abyss:4)
  3 oozes
  4 ufetubi
  An adder skeleton (D:9)
  A worm (D:4)
  2 giant geckos (D:2)
  188 orcs
  2 giant cockroaches
  8 goblins
  2 hobgoblins
  2 jackals (D:7)
  A ball python (D:5)
  A ball python skeleton (Crypt:1)
  27 bats
  A giant gecko skeleton (D:5)
  3 giant gecko zombies
  4 giant newts
  A goblin skeleton (Crypt:1)
  16 kobolds
  2 quokkas
  3 quokka skeletons
  A quokka zombie (D:8)
  4 rats
  A briar patch (Swamp:4)
  A fire vortex (Vaults:5)
  A lost soul (Crypt:1)
2371 creatures vanquished.

Vanquished Creatures (collateral kills)
  A juggernaut (Depths:5)
  A greater mummy (Tomb:2)
  A Shadow Fiend (Pan)
  A balrug (Zig:7)
  An emperor scorpion (Spider:4)
  A cacodemon (Pan)
  A very ugly thing (Depths:5)
  A bennu (Tomb:2)
  A deep elf death mage (Zig:11)
  2 vault guards
  2 hydras
  A spriggan air mage (Depths:5)
  A soul eater (Zig:11)
  A shadow wraith (Crypt:3)
  2 hill giants
  A frost giant zombie (Zig:7)
  2 orb spiders (Spider:4)
  2 ugly things
  A cyclops (D:11)
  A wolf spider (Spider:3)
  4 orange demons (Pan)
  A komodo dragon (Lair:2)
  A demonic crawler (Spider:4)
  A hellion (Pan)
  4 guardian mummies
  A troll (Zig:9)
  A hellwing (Pan)
  2 two-headed ogres (Orc:4)
  A freezing wraith (Crypt:3)
  2 slime creatures (Slime:5)
  A redback (Spider:3)
  A spriggan (Swamp:1)
  2 tarantellas
  A wolf (Lair:6)
  2 vampire mosquitoes
  A swamp worm (Swamp:1)
  2 hell hounds
  A swamp drake (Swamp:4)
  2 orc warriors (Zig:9)
  A large abomination (Zig:5)
  A wasp (Spider:4)
  An ogre (Orc:4)
  A giant frog (D:11)
  7 killer bees (Orc:2)
  An iguana (D:11)
  A crimson imp (D:13)
  3 sheep
  A mummy (Tomb:2)
  11 orcs
  4 bats (Orc:4)
88 creatures vanquished.

Vanquished Creatures (others)
  A lich (Depths:5)
  An eldritch tentacle (Pan)
  A tengu reaver (Vaults:4)
  2 draconian zealots (Zig:12)
  A cacodemon (Pan)
  An ironheart preserver (Vaults:3)
  A blood saint (Zig:8)
  A salamander stormcaller (Vaults:5)
  A chaos champion (Pan)
  A green death (Pan)
  An ettin (Vaults:5)
  A blizzard demon (Pan)
  A rakshasa (Pan)
  A death scarab (Tomb:3)
  3 hornets (Spider:4)
  3 giant orange brains (Pan)
  4 deep trolls
  A gelid demonspawn (Pan)
  A stone giant zombie (Zig:7)
  A wizard (Pan)
  An orc knight (Vaults:3)
  A wolf spider (Vaults:3)
  A smoke demon (Pan)
  A tengu conjurer (D:14)
  A spriggan skeleton (Zig:7)
  5 flying skulls
  A tarantella (Vaults:5)
  A wyvern (D:10)
  A large abomination (Zig:13)
  A vampire (Zig:7)
  A chaos spawn (Zig:13)
  2 swamp drakes (Swamp:4)
  An ogre (D:10)
  An orc warrior (Vaults:3)
  An iguana (D:11)
  2 mummies
  A white imp (Coc:7)
  2 orcs
  66 eldritch tentacle segments (Pan)
  2 fungi
  3 lost souls (Crypt:3)
  3 plants
  136 spectral weapons
  4 tentacles (Coc:3)
  105 tentacle segments (Coc:3)
372 creatures vanquished.

Grand Total: 2831 creatures vanquished

Notes
Turn   | Place    | Note
--------------------------------------------------------------
     0 | D:1      | Kolbur the Merfolk Ice Elementalist began the quest for the Orb.
     0 | D:1      | Reached XP level 1. HP: 13/13 MP: 3/3
    92 | D:2      | Reached skill level 4 in Ice Magic
    92 | D:2      | Reached XP level 2. HP: 13/19 MP: 0/5
   196 | D:2      | Found a stormy altar of Qazlal.
   278 | D:2      | Reached XP level 3. HP: 12/24 MP: 0/6
   284 | D:2      | Learned a level 3 spell: Ozocubu's Armour
   470 | D:3      | Reached skill level 5 in Ice Magic
   505 | D:3      | Found a sacrificial altar of Ru.
   565 | D:4      | Reached XP level 4. HP: 11/31 MP: 3/7
   627 | D:4      | Reached skill level 1 in Fighting
   725 | D:4      | Noticed a phantom
   727 | D:4      | Reached XP level 5. HP: 28/38 MP: 5/8
   742 | D:5      | Entered Level 5 of the Dungeon
   744 | D:5      | Noticed a slave
   858 | D:5      | Learned a level 4 spell: Condensation Shield
   891 | D:5      | Reached XP level 6. HP: 27/45 MP: 0/9
   929 | D:5      | Noticed a sky beast
   935 | D:5      | Killed a sky beast
   935 | D:5      | Reached skill level 6 in Ice Magic
   989 | D:5      | Noticed a slave
   995 | D:5      | Noticed a slave
  1050 | D:4      | Found Qyemoca's Book Emporium.
  1089 | D:4      | Reached skill level 5 in Dodging
  1143 | D:5      | Reached skill level 1 in Charms
  1166 | D:6      | Noticed a centaur
  1166 | D:6      | Noticed a phantom
  1229 | D:6      | Noticed Blork the orc
  1252 | D:6      | Killed Blork the orc
  1252 | D:6      | Reached skill level 1 in Evocations
  1252 | D:6      | Reached XP level 7. HP: 42/52 MP: 5/10
  1266 | D:6      | Found a sparkling altar of Nemelex Xobeh.
  1311 | D:6      | Reached skill level 1 in Polearms
  1315 | D:6      | Noticed an orc warrior
  1350 | D:6      | Noticed a black bear
  1410 | D:6      | Killed a black bear
  1532 | D:6      | Reached skill level 5 in Polearms
  1672 | D:5      | Reached XP level 8. HP: 7/58 MP: 8/11
  1822 | D:5      | Reached skill level 7 in Polearms
  1888 | D:5      | Noticed Pikel
  1902 | D:5      | Noticed a slave
  1912 | D:5      | Killed Pikel
  1912 | D:5      | Reached skill level 10 in Polearms
  2031 | D:6      | Killed a phantom
  2031 | D:6      | Reached skill level 11 in Polearms
  2169 | D:4      | Noticed a big kobold
  2196 | D:4      | Killed a big kobold
  2196 | D:4      | Reached XP level 9. HP: 17/64 MP: 0/12
  2215 | D:4      | Killed a phantom
  2306 | D:6      | Reached skill level 12 in Polearms
  2376 | D:7      | Found an opulent altar of Gozag.
  2399 | D:6      | Learned a level 4 spell: Summon Ice Beast
  2476 | D:6      | Killed a centaur
  2617 | D:7      | Reached skill level 13 in Polearms
  2710 | D:7      | Found a staircase to the Ecumenical Temple.
  2717 | Temple   | Entered the Ecumenical Temple
  2721 | Temple   | Became a worshipper of Makhleb the Destroyer
  2791 | D:7      | Reached skill level 14 in Polearms
  2974 | D:9      | Reached skill level 1 in Summonings
  3027 | D:9      | Got a crude hand axe
  3139 | D:10     | Entered Level 10 of the Dungeon
  3140 | D:10     | Noticed a cyclops
  3169 | D:8      | Reached piety under Makhleb
  3261 | D:8      | Reached XP level 10. HP: 71/71 MP: 6/13
  3357 | D:9      | Reached * piety under Makhleb
  3404 | D:8      | Reached skill level 15 in Polearms
  3543 | D:7      | Found Icrum's General Store.
  3741 | D:10     | Noticed a hill giant
  3945 | D:10     | Noticed a centaur warrior
  3975 | D:10     | Killed a centaur warrior
  3975 | D:10     | Reached skill level 16 in Polearms
  4002 | D:10     | Reached ** piety under Makhleb
  4217 | D:10     | Noticed Josephine
  4258 | D:10     | Killed Josephine
  4258 | D:10     | Reached skill level 5 in Fighting
  4258 | D:10     | Reached XP level 11. HP: 54/79 MP: 1/14
  4441 | D:10     | Killed a cyclops
  4441 | D:10     | Reached skill level 5 in Summonings
  4504 | D:11     | Reached skill level 17 in Polearms
  4589 | D:10     | Killed a hill giant
  4671 | D:11     | Found a staircase to the Lair.
  4684 | D:11     | Reached *** piety under Makhleb
  4917 | D:11     | Reached skill level 1 in Invocations
  4998 | D:12     | Noticed Armakuni's ghost (powerful DgWn)
  5214 | D:12     | Noticed an eight-headed hydra
  5258 | D:12     | Noticed a hill giant
  5269 | D:12     | Killed a hill giant
  5302 | D:12     | Found a viscous altar of Jiyva.
  5404 | D:12     | Found a staircase to the Orcish Mines.
  5436 | Orc:1    | Entered Level 1 of the Orcish Mines
  5443 | Orc:1    | Reached **** piety under Makhleb
  5528 | Orc:1    | Noticed a soul eater
  5652 | Orc:1    | Reached skill level 18 in Polearms
  5886 | Orc:2    | Reached XP level 12. HP: 89/89 MP: 9/15
  6386 | Orc:3    | Found a staircase to the Elven Halls.
  6737 | Orc:4    | Entered Level 4 of the Orcish Mines
  6796 | Orc:4    | Noticed an ogre mage
  6803 | Orc:3    | Found a shimmering altar of Xom.
  6818 | Orc:3    | Learned a level 1 spell: Summon Butterflies
  7013 | Orc:4    | Reached skill level 10 in Dodging
  7026 | Orc:4    | Killed an ogre mage
  7079 | Orc:4    | Noticed an ogre mage
  7086 | Orc:4    | Noticed an ogre mage
  7098 | Orc:3    | Killed an ogre mage
  7098 | Orc:3    | Reached skill level 19 in Polearms
  7098 | Orc:3    | Reached skill level 5 in Invocations
  7125 | Orc:4    | Killed an ogre mage
  7199 | Orc:4    | Noticed an ogre mage
  7215 | Orc:4    | Killed an ogre mage
  7335 | Orc:4    | Found Loesm's General Store.
  7335 | Orc:4    | Found Dagiagawne's Armour Shop.
  7336 | Orc:4    | Found Kin Jef's Antique Armour Shop.
  7336 | Orc:4    | Found Fenasy's Weapon Shoppe.
  7347 | Orc:4    | Bought a faintly humming robe for 108 gold pieces
  7347 | Orc:4    | Bought a pair of runed boots for 85 gold pieces
  7347 | Orc:4    | Bought an embroidered robe for 13 gold pieces
  7347 | Orc:4    | Bought a distressingly furry robe for 108 gold pieces
  7376 | Orc:4    | Identified the +0 robe "Irrus" {*Corrode rF+ MR+++ Dex-2} (You bought it in a shop on level 4 of the Orcish Mines)
  7387 | Orc:4    | Identified the +2 robe of Erayffei {-Tele MP+9 Int+5 Stlth+} (You bought it in a shop on level 4 of the Orcish Mines)
  7393 | Orc:4    | Reached XP level 13. HP: 99/99 MP: 17/17
  7455 | Orc:4    | Bought a scroll of blinking for 127 gold pieces
  7470 | Orc:4    | Upgraded the game from 0.17-a0-1914-gde4187c to 0.17-a0-1920-gafa4d75
  7690 | Orc:1    | Found Caakhlosch's Distillery.
  7708 | Orc:1    | Bought a potion of heal wounds for 75 gold pieces
  7708 | Orc:1    | Bought a potion of heal wounds for 75 gold pieces
  7708 | Orc:1    | Bought 2 potions of resistance for 300 gold pieces
  7708 | Orc:1    | Bought a potion of might for 60 gold pieces
  7708 | Orc:1    | Bought a potion of agility for 60 gold pieces
  7708 | Orc:1    | Bought 2 potions of curing for 90 gold pieces
  7708 | Orc:1    | Bought a potion of might for 60 gold pieces
  7708 | Orc:1    | Bought a potion of brilliance for 60 gold pieces
  7797 | D:12     | Killed an eight-headed hydra
  7892 | Lair:1   | Entered Level 1 of the Lair of Beasts
  8523 | Lair:3   | Learned a level 3 spell: Regeneration
  8779 | Lair:4   | Reached skill level 20 in Polearms
  8937 | Lair:6   | Reached skill level 1 in Necromancy
  9107 | Lair:6   | Found a staircase to the Swamp.
  9249 | Lair:6   | Got a brightly glowing robe
  9260 | Lair:6   | Identified the +1 robe of the Grue {rElec} (You found it on level 6 of the Lair of Beasts)
  9348 | Lair:6   | Reached skill level 5 in Charms
  9395 | Lair:6   | Learned a level 3 spell: Spectral Weapon
  9452 | Lair:5   | Reached skill level 1 in Throwing
  9491 | Lair:5   | Reached skill level 1 in Hexes
  9607 | Lair:5   | Reached skill level 10 in Fighting
  9607 | Lair:5   | Reached XP level 14. HP: 106/110 MP: 5/20
  9690 | Lair:5   | Learned a level 2 spell: Song of Slaying
  9907 | Lair:6   | Reached skill level 5 in Spellcasting
 10158 | Swamp:1  | Entered Level 1 of the Swamp
 10159 | Swamp:1  | Noticed a white very ugly thing
 10173 | Swamp:1  | Killed a white very ugly thing
 10500 | Swamp:2  | Learned a level 2 spell: Repel Missiles
 10504 | Swamp:2  | Learned a level 2 spell: Swiftness
 10597 | Swamp:2  | Noticed Roxanne
 10770 | Swamp:4  | Entered Level 4 of the Swamp
 10800 | Swamp:4  | Noticed a thorn hunter
 10886 | Swamp:4  | Noticed a thorn hunter
 10966 | Swamp:4  | Noticed a thorn hunter
 11017 | Swamp:4  | Killed a thorn hunter
 11045 | Swamp:4  | Noticed a thorn hunter
 11075 | Swamp:4  | Killed a thorn hunter
 11301 | Swamp:4  | Killed a thorn hunter
 11301 | Swamp:4  | Reached XP level 15. HP: 68/119 MP: 19/25
 11323 | Swamp:4  | Killed a thorn hunter
 11437 | Swamp:4  | Found a frozen archway.
 11468 | Swamp:4  | Reached skill level 5 in Stealth
 11493 | IceCv    | Entered an ice cave
 11643 | IceCv    | Noticed an Ice Fiend
 11674 | IceCv    | Killed an Ice Fiend
 11809 | Swamp:4  | Got a decaying rune of Zot
 12194 | Lair:3   | Found a hole to the Spider Nest.
 12245 | Spider:1 | Entered Level 1 of the Spider Nest
 12541 | Spider:3 | Noticed Norris
 12654 | Spider:2 | Reached skill level 15 in Dodging
 12689 | Spider:3 | Killed Norris
 12746 | Spider:2 | Reached skill level 5 in Evocations
 12849 | Spider:3 | Noticed Louise
 12910 | Spider:4 | Entered Level 4 of the Spider Nest
 12924 | Spider:4 | Reached XP level 16. HP: 127/129 MP: 8/28
 12962 | Spider:3 | Killed Louise
 13881 | Spider:4 | Gained mutation: You are frail (-10% HP). [mutagenic glow]
 14107 | Spider:4 | Got a gossamer rune of Zot
 14430 | Lair:8   | Entered Level 8 of the Lair of Beasts
 14482 | Lair:7   | Found a staircase to the Slime Pits.
 14522 | Slime:1  | Entered Level 1 of the Pits of Slime
 14603 | Slime:4  | Noticed an acid blob
 14802 | Slime:4  | Killed an acid blob
 14802 | Slime:4  | Reached XP level 17. HP: 106/126 MP: 8/29
 14950 | Slime:6  | Entered Level 6 of the Pits of Slime
 15083 | Slime:5  | Reached skill level 15 in Fighting
 15449 | Slime:6  | Found a viscous altar of Jiyva.
 15453 | Slime:6  | Noticed the royal jelly
 15469 | Slime:6  | Killed the royal jelly
 15469 | Slime:6  | Reached skill level 10 in Evocations
 15711 | Slime:4  | Noticed an acid blob
 15724 | Slime:4  | Killed an acid blob
 16139 | Slime:6  | Reached XP level 18. HP: 81/135 MP: 4/30
 16589 | Slime:5  | Noticed an acid blob
 16599 | Slime:5  | Killed an acid blob
 16824 | Slime:6  | Paralysed by a great orb of eyes for 4 turns
 16866 | Slime:6  | Got a wizard robe
 16869 | Slime:6  | Identified the cursed +1 robe "Fomnahom" {Str+4} (You found it on level 6 of the Pits of Slime)
 16912 | Slime:6  | Identified a +2 pair of boots of running (You found it on level 6 of the Pits of Slime)
 16981 | Slime:6  | Learned a level 3 spell: Passwall
 17050 | Slime:6  | Got a glittering glass ring
 17051 | Slime:6  | Identified the ring of Feunirch {rC+ Stlth+} (You found it on level 6 of the Pits of Slime)
 17054 | Slime:6  | Got a slimy rune of Zot
 17067 | Slime:6  | Learned a level 5 spell: Lee's Rapid Deconstruction
 17071 | Slime:6  | Identified the Incunabulum of Combat Magic and Malediction (You found it on level 6 of the Pits of Slime)
 17092 | Slime:6  | Got an ancient ring mail
 17093 | Slime:6  | Identified the cursed +0 ring mail of Fiero {Str+3} (You found it on level 6 of the Pits of Slime)
 17096 | Slime:6  | Got a translucent battleaxe
 17097 | Slime:6  | Identified the cursed +0 battleaxe "Atudez" {freeze, Str+3} (You found it on level 6 of the Pits of Slime)
 17311 | Lair:1   | Upgraded the game from 0.17-a0-1920-gafa4d75 to 0.17-a0-1923-gc35365e
 17452 | D:4      | Bought a book of Burglary for 750 gold pieces
 17457 | D:4      | Learned a level 4 spell: Passage of Golubria
 17605 | D:12     | Killed Armakuni's ghost
 17645 | D:13     | Reached skill level 1 in Transmutations
 17682 | D:13     | Found a gate to the Vaults.
 17727 | Vaults:1 | Entered Level 1 of the Vaults
 17804 | Vaults:1 | Reached skill level 1 in Earth Magic
 17873 | Vaults:1 | Found an ancient bone altar of Kikubaaqudgha.
 18196 | Vaults:3 | Noticed Donald
 18205 | Vaults:3 | Killed Donald
 18205 | Vaults:3 | Reached skill level 10 in Stealth
 18264 | Vaults:3 | Reached skill level 1 in Translocations
 18326 | Vaults:3 | Found a staircase to the Crypt.
 18432 | Vaults:3 | Noticed Aizul
 18481 | Vaults:3 | Killed Aizul
 18481 | Vaults:3 | Reached skill level 5 in Transmutations
 18580 | Vaults:4 | Reached XP level 19. HP: 142/142 MP: 5/31
 18806 | Vaults:4 | Upgraded the game from 0.17-a0-1923-gc35365e to 0.17-a0-1946-gfb768fe
 18809 | Vaults:5 | Entered Level 5 of the Vaults
 19057 | Vaults:4 | Reached skill level 5 in Translocations
 19137 | Vaults:5 | Noticed a golden dragon
 19348 | Vaults:5 | Noticed an ancient lich
 19579 | Vaults:4 | Killed a golden dragon
 19868 | Vaults:4 | Reached skill level 10 in Spellcasting
 20316 | Vaults:5 | Reached XP level 20. HP: 145/149 MP: 16/34
 20545 | Vaults:5 | Got a jewelled helmet
 20546 | Vaults:5 | Identified the -1 helmet "Wimouc" {rElec Int+3} (You found it on level 5 of the Vaults)
 20562 | Vaults:5 | Learned a level 5 spell: Silence
 20710 | Vaults:5 | Killed an ancient lich
 20789 | Vaults:5 | Noticed a lich
 20805 | Vaults:5 | Killed a lich
 21026 | Vaults:5 | Reached skill level 5 in Hexes
 21272 | Vaults:5 | Found Ymogiri's General Store.
 21278 | Vaults:5 | Got a silver rune of Zot
 21282 | Vaults:5 | Bought a potion of lignification for 60 gold pieces
 21282 | Vaults:5 | Bought a scroll of teleportation for 60 gold pieces
 21282 | Vaults:5 | Bought a potion of heal wounds for 100 gold pieces
 21406 | Vaults:5 | Upgraded the game from 0.17-a0-1946-gfb768fe to 0.17-a0-1951-g62301d3
 21486 | Vaults:5 | Reached skill level 5 in Air Magic
 21649 | Vaults:4 | Reached skill level 1 in Armour
 21880 | Crypt:1  | Entered Level 1 of the Crypt
 22012 | Crypt:1  | Found an ancient bone altar of Kikubaaqudgha.
 22116 | Crypt:2  | Noticed Xtahua
 22185 | Crypt:2  | Noticed Wiglaf
 22205 | Crypt:1  | Killed Xtahua
 22205 | Crypt:1  | Reached XP level 21. HP: 121/153 MP: 24/35
 22244 | Crypt:1  | Killed Wiglaf
 22283 | Crypt:3  | Entered Level 3 of the Crypt
 22305 | Crypt:2  | Reached skill level 5 in Armour
 22470 | Crypt:3  | Found an ancient bone altar of Kikubaaqudgha.
 22936 | Crypt:3  | HP: 2/153 [cloud of flame (45)]
 23135 | Crypt:3  | Got a scintillating brass ring
 23158 | Crypt:3  | Got a crude lead ring
 23159 | Crypt:3  | Identified the ring of Lilacs {rN+ Stlth+} (You found it on level 3 of the Crypt)
 23160 | Crypt:3  | Identified the ring of Moreocum {rF+ rN+ MR++ Str+3 Dex-4} (You found it on level 3 of the Crypt)
 23162 | Crypt:3  | Got a pitted marble ring
 23163 | Crypt:3  | Identified the ring of Propriety {rF+ rN+ Dex+2 Stlth+} (You found it on level 3 of the Crypt)
 23210 | Crypt:3  | Noticed Khufu
 23322 | Crypt:3  | Got a transparent golden ring
 23323 | Crypt:3  | Identified the ring "Ketwenu" {rN+ Int+3 SInv} (You found it on level 3 of the Crypt)
 23375 | Crypt:3  | Killed Khufu
 23407 | Crypt:3  | Found a staircase to the Tomb.
 23453 | Crypt:3  | Upgraded the game from 0.17-a0-1951-g62301d3 to 0.17-a0-1954-g0dddeaa
 23455 | Tomb:1   | Entered Level 1 of the Tomb of the Ancients
 23597 | Tomb:1   | Reached XP level 22. HP: 158/158 MP: 38/38
 23814 | Tomb:1   | Noticed a greater mummy
 23850 | Tomb:1   | Killed a greater mummy
 24034 | Tomb:2   | Noticed a greater mummy
 24034 | Tomb:2   | Noticed a greater mummy
 24034 | Tomb:2   | Noticed a greater mummy
 24034 | Tomb:2   | Noticed a greater mummy
 24194 | Tomb:1   | Killed a greater mummy
 24260 | Tomb:1   | Killed a greater mummy
 24305 | Tomb:1   | Killed a greater mummy
 24367 | Tomb:1   | Killed a greater mummy
 24586 | Tomb:3   | Entered Level 3 of the Tomb of the Ancients
 24862 | Tomb:3   | Noticed a greater mummy
 24865 | Tomb:3   | Noticed a greater mummy
 25023 | Tomb:2   | Killed a greater mummy
 25300 | Tomb:2   | Killed a greater mummy
 25454 | Tomb:2   | Reached skill level 21 in Polearms
 25658 | Tomb:3   | Got a dazzling fire dragon armour
 25659 | Tomb:3   | Identified the +7 fire dragon armour of Qarygehi {+Fly rF++ rC- Str-4 Int+10 Dex+3} (You found it on level 3 of the Tomb of the Ancients)
 25660 | Tomb:3   | Identified a scroll of acquirement
 25793 | Tomb:3   | Reached XP level 23. HP: 155/161 MP: 27/39
 25808 | Tomb:3   | Identified Naneibum's Collected Works on the Earthen Oath (You found it on level 3 of the Tomb of the Ancients)
 25818 | Tomb:3   | Identified Sif Muna's Guide on Transmigration (You found it on level 3 of the Tomb of the Ancients)
 25824 | Tomb:3   | Got a flickering bronze amulet
 25825 | Tomb:3   | Identified the amulet of Daffodils {Clar Dex+4} (You found it on level 3 of the Tomb of the Ancients)
 25881 | Tomb:3   | Learned a level 2 spell: Blink
 25917 | Tomb:3   | Noticed a greater mummy
 25943 | Tomb:3   | Killed a greater mummy
 25988 | Tomb:3   | Noticed a greater mummy
 26020 | Tomb:3   | Killed a greater mummy
 26041 | Tomb:3   | Noticed a greater mummy
 26086 | Tomb:3   | Killed a greater mummy
 26113 | Tomb:3   | Noticed a greater mummy
 26129 | Tomb:3   | Killed a greater mummy
 26177 | Tomb:3   | Noticed an ancient lich
 26185 | Tomb:3   | Noticed a greater mummy
 26195 | Tomb:3   | Killed an ancient lich
 26200 | Tomb:3   | Killed a greater mummy
 26218 | Tomb:3   | Noticed a greater mummy
 26246 | Tomb:3   | Killed a greater mummy
 26246 | Tomb:3   | Reached skill level 22 in Polearms
 26285 | Tomb:3   | Got a golden rune of Zot
 26370 | Tomb:1   | Noticed a greater mummy
 26370 | Tomb:1   | Noticed a greater mummy
 26475 | Vaults:3 | Learned a level 5 spell: Shadow Creatures
 26481 | Vaults:3 | Learned a level 5 spell: Phase Shift
 27170 | D:15     | Entered Level 15 of the Dungeon
 27370 | D:15     | Found a staircase to the Depths.
 27523 | Depths:1 | Entered Level 1 of the Depths
 27582 | Depths:1 | Found a gateway to Hell.
 27601 | Depths:1 | Got a faintly humming scale mail
 27602 | Depths:1 | Identified the +0 scale mail of the Blessed Realm {rC- rCorr MP+9 Int+9} (You found it on level 1 of the Depths)
 27756 | Depths:2 | Reached skill level 10 in Summonings
 27828 | Depths:2 | Found a gateway to a ziggurat.
 27843 | Depths:2 | Reached XP level 24. HP: 166/168 MP: 34/39
 27860 | Zig:1    | Entered Level 1 of a ziggurat
 27872 | Zig:2    | Entered Level 2 of a ziggurat
 27892 | Zig:3    | Entered Level 3 of a ziggurat
 27913 | Zig:3    | Identified the Disquisition on Attacks and the Birds
 27916 | Zig:3    | Got a sapphire-studded leather armour
 27924 | Zig:4    | Entered Level 4 of a ziggurat
 27974 | Zig:5    | Entered Level 5 of a ziggurat
 28013 | Zig:5    | Identified the Grimoire of Protection and the Birds (You found it on level 5 of a ziggurat)
 28024 | Zig:5    | Identified the +1 leather armour of Divine Intervention {rN+ Str+4 Int-3 Dex+2} (You found it on level 3 of a ziggurat)
 28032 | Zig:5    | Identified a +4 rod of the swarm (10/10) (You found it on level 5 of a ziggurat)
 28060 | Zig:6    | Entered Level 6 of a ziggurat
 28144 | Zig:7    | Entered Level 7 of a ziggurat
 28146 | Zig:7    | Noticed B1inky's ghost (legendary KoBe)
 28172 | Zig:7    | Killed B1inky's ghost
 28212 | Zig:7    | Got a vibrating lead ring
 28213 | Zig:7    | Identified the ring of Abuniaq {rElec rPois rN+ MR- Int+5} (You found it on level 7 of a ziggurat)
 28226 | Zig:7    | Got a faintly glowing scale mail
 28227 | Zig:7    | Identified the +2 scale mail of the Vestibule of Hell {rPois MR- Int+4} (You found it on level 7 of a ziggurat)
 28234 | Zig:8    | Entered Level 8 of a ziggurat
 28317 | Zig:9    | Entered Level 9 of a ziggurat
 28378 | Zig:9    | Identified the Papyrus of Gliding Creation (You found it on level 9 of a ziggurat)
 28381 | Zig:9    | Got a faintly glowing iron amulet
 28382 | Zig:9    | Identified the amulet "Veythian" {Clar rElec MR- Str+2} (You found it on level 9 of a ziggurat)
 28388 | Zig:9    | Reached XP level 25. HP: 173/173 MP: 20/40
 28402 | Zig:9    | Learned a level 6 spell: Deflect Missiles
 28440 | Zig:10   | Entered Level 10 of a ziggurat
 28527 | Zig:10   | Reached skill level 10 in Charms
 28527 | Zig:10   | Reached XP level 26. HP: 180/180 MP: 32/41
 28570 | Zig:11   | Entered Level 11 of a ziggurat
 28678 | Zig:11   | Learned a level 1 spell: Apportation
 28693 | Zig:11   | Learned a level 6 spell: Haste
 28701 | Zig:12   | Entered Level 12 of a ziggurat
 28832 | Zig:12   | Got a steaming golden amulet
 28834 | Zig:12   | Identified the amulet of Devotion {Spirit Int+4} (You found it on level 12 of a ziggurat)
 28875 | Zig:13   | Entered Level 13 of a ziggurat
 28915 | Zig:13   | Paralysed by accursed screaming for 2 turns
 29022 | Zig:13   | Identified the Almanac of Glamour (You found it on level 13 of a ziggurat)
 29039 | Zig:13   | Gained mutation: Your mind is acute. (Int +2) [potion of beneficial mutation]
 29062 | Zig:13   | Got a flickering marble ring
 29064 | Zig:13   | Identified the ring of Incredulity {rElec MR- AC+3 Str+3 Stlth+} (You found it on level 13 of a ziggurat)
 29299 | Depths:4 | Reached skill level 15 in Stealth
 29326 | Depths:4 | Reached XP level 27. HP: 192/192 MP: 39/41
 29457 | Depths:5 | Entered Level 5 of the Depths
 29461 | Depths:5 | Noticed a juggernaut
 29473 | Depths:5 | Killed a juggernaut
 29573 | Depths:5 | Got a fine ivory ring
 29574 | Depths:5 | Identified the ring "Pontuxax" {Int+3 Slay+2} (You found it on level 5 of the Depths)
 29599 | Depths:5 | Found a one-way gate to the infinite horrors of the Abyss.
 29605 | Depths:5 | Found a portal to a secret trove of treasure.
 29638 | Depths:5 | Found a gate to the Realm of Zot.
 29675 | Depths:5 | Noticed the Enchantress
 29697 | Depths:5 | Cast into the Abyss (the Enchantress)
 29706 | Abyss:1  | Got a pair of steaming gloves
 29725 | Abyss:2  | Identified the +2 pair of gloves "Mebo" {rN+} (You found it on level 1 of the Abyss)
 29748 | Abyss:2  | Found a corrupted altar of Lugonu.
 29975 | Abyss:2  | Found a corrupted altar of Lugonu.
 30045 | Abyss:3  | Gained mutation: Your flesh is cold resistant. [helix card]
 30082 | Abyss:3  | Found a snail-covered altar of Cheibriados.
 30178 | Abyss:3  | Found a corrupted altar of Lugonu.
 30343 | Abyss:4  | Found a corrupted altar of Lugonu.
 30527 | Abyss:4  | Got an abyssal rune of Zot
 30600 | Abyss:4  | Found a corrupted altar of Lugonu.
 30657 | Depths:5 | Escaped the Abyss
 30676 | Depths:5 | Killed the Enchantress
 30917 | Depths:4 | Found Idyad's Book Shoppe.
 30925 | Depths:4 | Bought a book of Summonings for 840 gold pieces
 30931 | Depths:4 | Learned a level 5 spell: Aura of Abjuration
 31388 | Depths:3 | Found a one-way gate leading to the halls of Pandemonium.
 31426 | Pan      | Entered Pandemonium
 31439 | Pan      | Noticed Kuxiwusch the pandemonium lord
 31690 | Pan      | Reached skill level 10 in Armour
 31738 | Pan      | Found an exit through the horrors of the Abyss.
 31953 | Pan      | Found an exit through the horrors of the Abyss.
 32154 | Pan      | Found an exit through the horrors of the Abyss.
 32174 | Pan      | Noticed Ateonkupt the pandemonium lord
 32438 | Pan      | Killed Ateonkupt the pandemonium lord
 32703 | Pan      | Reached skill level 15 in Spellcasting
 32861 | Pan      | Got a demonic rune of Zot
 32887 | Pan      | Got a vibrating sapphire amulet
 32894 | Pan      | Identified the Guide on Enchanting Shape Shifting (You found it in Pandemonium)
 32950 | Pan      | Found a white marble altar of Elyvilon.
 33021 | Pan      | Entered the realm of Mnoleg.
 33022 | Pan      | Found an exit through the horrors of the Abyss.
 33039 | Pan      | Identified the amulet of the Pariah {Stasis Dex+3} (You found it in Pandemonium)
 33214 | Pan      | Noticed Mnoleg
 33232 | Pan      | Gained mutation: You are clumsy. (Dex -2) [a cacodemon]
 33277 | Pan      | Gained mutation: Your spells are a little easier to cast, but a little less powerful. [a cacodemon]
 33283 | Pan      | Gained mutation: Your muscles are strong. (Str +2) [a cacodemon]
 33284 | Pan      | Lost mutation: You are frail (-10% HP). [a cacodemon]
 33334 | Pan      | Gained mutation: Scrolls take you a little longer to read. [a cacodemon]
 33409 | Pan      | Gained mutation: You are very clumsy. (Dex -4) [a neqoxec]
 33411 | Pan      | Lost mutation: Your spells are a little easier to cast, but a little less powerful. [a neqoxec]
 33454 | Pan      | Got a glowing rune of Zot
 33665 | Pan      | Found an exit through the horrors of the Abyss.
 33731 | Pan      | Noticed Wicow the pandemonium lord
 33784 | Pan      | Learned a level 6 spell: Ozocubu's Refrigeration
 33885 | Pan      | Identified a +0 rod of the swarm (9/9) (You found it in Pandemonium)
 33976 | Pan      | Identified the Collected Works on Black Secrets (You found it in Pandemonium)
 34028 | Pan      | Found an exit through the horrors of the Abyss.
 34391 | Pan      | Entered the realm of Gloorx Vloq.
 34394 | Pan      | Noticed Gloorx Vloq
 34421 | Pan      | Found an exit through the horrors of the Abyss.
 34443 | Pan      | Reached skill level 10 in Ice Magic
 34516 | Pan      | Noticed Mnoleg
 34682 | Pan      | Got a dark rune of Zot
 34716 | Pan      | Entered the realm of Lom Lobon.
 34726 | Pan      | Upgraded the game from 0.17-a0-1954-g0dddeaa to 0.17-a0-1968-g88670c1
 34752 | Pan      | Upgraded the game from 0.17-a0-1968-g88670c1 to 0.17-a0-1970-g7a13dd1
 34758 | Pan      | Noticed Gloorx Vloq
 34862 | Pan      | Gained mutation: You are frail (-10% HP). [mutagenic glow]
 34921 | Pan      | Noticed Lom Lobon
 34923 | Pan      | Got a magical rune of Zot
 35022 | Pan      | Got a pitted steel ring
 35024 | Pan      | Identified the ring of Waudipt {+/*Tele rPois MP+9 Int+3} (You found it in Pandemonium)
 35362 | Pan      | Noticed Letuis the pandemonium lord
 35575 | Pan      | Noticed Ceeluner the pandemonium lord
 35587 | Pan      | Found an exit through the horrors of the Abyss.
 35603 | Pan      | Noticed Lom Lobon
 35647 | Pan      | Entered the realm of Cerebov.
 35681 | Pan      | Learned a level 1 spell: Animate Skeleton
 35759 | Pan      | Noticed Cerebov
 35764 | Pan      | Got a fiery rune of Zot
 35786 | Pan      | Noticed Lom Lobon
 35803 | Pan      | Found an exit through the horrors of the Abyss.
 35811 | Pan      | Took an exit into the Abyss.
 35811 | Abyss:1  | Escaped into the Abyss
 35833 | Depths:3 | Escaped the Abyss
 35909 | Depths:4 | Upgraded the game from 0.17-a0-1970-g7a13dd1 to 0.17-a0-2055-gb4e23be
 35909 | Depths:4 | Upgraded the game from 0.17-a0-2055-gb4e23be to 0.17-a0-2208-ge5ab1d3
 35914 | Hell     | Entered the Vestibule of Hell
 35914 | Hell     | Noticed Geryon
 35935 | Hell     | Noticed Murray
 35953 | Hell     | Found a gateway to the freezing wastes of Cocytus.
 35961 | Coc:1    | Entered Level 1 of Cocytus
 36011 | Coc:1    | You fall through a shaft!
 36225 | Coc:7    | Entered Level 7 of Cocytus
 36338 | Coc:7    | Noticed the Serpent of Hell
 36344 | Coc:7    | Noticed Antaeus
 36348 | Coc:7    | Slain by a reaper

Vault maps used:
D:1:      minmay_arrival_hallway
D:2:      nicolae_overflow_crystal_walls, nicolae_overflow_quartered_altars,
          first_bread, serial_bayou_lake_a, uniq_terence
D:3:      old_standard_altar
D:4:      serial_shops, nicolae_shop_behind_doors, hangedman_decor_riveting,
          hangedman_decor_clover_reticule
D:5:      uniq_pikel
D:6:      basic_altar, uniq_blork_the_orc
D:7:      grunt_gozag_statues, minmay_temple_entry_mist, serial_shops, shop
D:9:      serial_curves, eino_curves_04, eino_curves_01, grunt_ogre_cave
D:10:     serial_bayou_pond_b, uniq_josephine
D:11:     dpeg_lair_monsters
D:12:     orc_0_dummy, jiyva_altar_1
D:13:     kennysheep_big_flooded_room, lightli_vaults_fourway_checkpoint
D:14:     wad_floor_pattern_2, grunt_decor_one_mirror, minmay_brain_eaters
D:15:     gammafunk_depths_entry_grave, serial_bayou_lagoon_a, uniq_rupert
Temple:   circular_temple_pool_12
Lair:1:   beast_lair_carwin_1, uniq_gastronok
Lair:2:   minmay_lair_oklob_items, serial_bayou_pond_b,
          minmay_lair_oklob_bushes, serial_bayou_shore_a
Lair:3:   boulder_dual_corridor_run, nicolae_spider_entry_orb_guardian
Lair:4:   minmay_holes, grunt_megastairs_1
Lair:5:   st_stairs_12, pond, lemuel_fruit_fields, infiniplex_staircase_pool_2
Lair:6:   swamp_mist, minmay_lair_drake_nest, grunt_megastairs_3
Lair:7:   beast_lair_carwin_large_4, minmay_slime_entry_oklob_enclosed,
          minivault_19, uniq_kirke
Lair:8:   grunt_lair_end_beastmaster
Swamp:1:  nicolae_swamp_dense_foliage
Swamp:2:  infiniplex_staircase_pool, uniq_roxanne
Swamp:3:  nicolae_swamp_phyte_club, evilmike_swamp_ruin_house_2, swamp_pool3,
          hangedman_swamp_lotus, nicolae_swamp_feature_on_the_river_bank
Swamp:4:  swamp, portal_ice_cave_entry_imps
Spider:1: uniq_agnes
Spider:3: uniq_louise, uniq_norris
Spider:4: guppyfry_spider_rune, nicolae_spider_shape
Slime:2:  uniq_dissolution
Slime:4:  nicolae_slime_phagocytosis
Orc:1:    serial_shops, nicolae_shop_temple_entry_statues_fountains
Orc:2:    special_room
Orc:3:    basic_altar, nicolae_orc_pool_cavern
Orc:4:    st_orc_ogre_mass, mines_bat_river
Vaults:1: v_misc_22, hangedman_vaults_nails, v_misc_19,
          nicolae_vaults_shelves_hall, nicolae_vaults_murderbox,
          hangedman_vaults_slice, v_misc_5, nicolae_vaults_ninety_degrees,
          vaults_room_grunt_arrival_ludios, ontoclasm_vaults_decontamination,
          v_misc_4, basic_altar
Vaults:2: ontoclasm_vaults_spin, hangedman_vaults_river_flow, sword_in_stone,
          vaults_room_grunt_arrival_checkpoint, v_misc_33, hangedman_vaults_hat,
          nicolae_vaults_diagonal_hallway_9, dpeg_vaults_monster_box,
          uniq_mennas
Vaults:3: ontoclasm_vaults_idyll, vaults_room_stairs_pillars,
          hangedman_vaults_cutoff, vaults_dpeg_hooks, v_alt_pattern_1,
          nicolae_vaults_ring_of_whatevers, v_alt_pattern_3,
          minmay_crypt_entry_nasty_monster, grunt_vaults_funnel,
          nicolae_vaults_what_the_h, ontoclasm_vaults_shout,
          nicolae_vaults_diagonal_hallway_7, ontoclasm_vaults_chip, v_misc_26,
          uniq_aizul, uniq_donald
Vaults:4: hangedman_vaults_nodes, grunt_vaults_bifocal, v_misc_13,
          nicolae_vaults_hallways_thing, vaults_dpeg_encased_lava,
          ontoclasm_vaults_shuriken, nicolae_vaults_theta,
          nicolae_vaults_quadrants, v_misc_29, hangedman_vaults_maws, v_misc_24,
          vaults_room_pool
Crypt:1:  lemuel_upstairs_altar, basic_altar, hex_tiny, minmay_misc_feat_five,
          grunt_crypt_arrival_webbed
Crypt:2:  corexii_leaking_fountain, uniq_wiglaf, uniq_xtahua, uniq_frederick
Crypt:3:  grunt_crypt_end_deaths_head
Depths:1: hex_medium, lightli_too_deep, kennysheep_generic_room_8,
          kennysheep_random_hallway
Depths:2: hangedman_screamer, enter_ziggurat_f, hell_entry, hangedman_aviary,
          infiniplex_staircase_squiggle
Depths:3: minmay_quarter_circles, serial_sigils, serial_sigils_hangedman_gnaw,
          serial_sigils_hangedman_gut, serial_sigils_hangedman_writhe,
          serial_sigils_hangedman_carve, grunt_pan_entry_spiral, abyss_entry,
          hell_entry, minmay_misc_feat_square, uniq_mara
Depths:4: nicolae_whirlpool, kennysheep_donut, abyss_entry, serial_shops, shop,
          grunt_hell_entry_dis_grunt, hangedman_devilish_allure
Depths:5: grunt_twist_and_shout, hellmouth_1, nrook_mini_vaults, abyss_entry,
          enter_trove_0, uniq_enchantress
Coc:6:    serial_ice, serial_ice_a, serial_ice_f
Coc:7:    coc_grunt
Abyss:1:  evilmike_abyss_exit_2
Abyss:2:  hangedman_abyss_lost_library
Abyss:3:  abyss_furniture_001, evilmike_abyss_exit_chaos
Abyss:4:  evilmike_abyss_exit_glass, kb_abyss_rune_zappy
Pan:      nicolae_pan_glass_arcs, evilmike_mini_pan_thingy,
          reaverb_pan_figure_eight, grunt_pan_in_and_out, grunt_pan_spiral,
          lemuel_hellion_island, evilmike_holy_pan, mnoleg_st, rand_demon_1,
          nicolae_pan_cerebovesque_2, rand_demon_1, enter_ziggurat_pan_d,
          pan_blood_fountain_small, nicolae_pan_diamonds,
          evilmike_mini_pan_diamond, pan_blood_fountain,
          nicolae_pan_mnolegish_3, grunt_pan_sceptre, evilmike_mini_pan_rooms,
          uniq_mnoleg, nicolae_pan_mnolegish_3, evilmike_mini_pan_pillars_b,
          pan_blood_fountain, pan_blood_fountain_small, evilmike_mini_pan_doors,
          pan_blood_fountain, uniq_mnoleg, evilmike_mini_pan_corner,
          pan_blood_fountain_small, nicolae_pan_mnolegish_4,
          nicolae_pan_sick_transit, evilmike_mini_pan_pillars,
          gloorx_vloq_grunt, uniq_mnoleg, lom_lobon, uniq_gloorx_vloq,
          pan_blood_fountain_small, rand_demon_9, pan_blood_fountain_small,
          pan_disco_hall, uniq_gloorx_vloq, grunt_pan_pentagram,
          evilmike_mini_pan_diamond, uniq_lom_lobon, uniq_mnoleg,
          evilmike_mini_pan_3x3, uniq_gloorx_vloq, nicolae_pan_sigil_nadil,
          evilmike_mini_pan_rooms, uniq_lom_lobon, evilmike_mini_pan_T,
          evilmike_mini_pan_pillars_b, uniq_lom_lobon, pan_blood_fountain,
          pan_blood_fountain_2, nicolae_pan_gloorx_vloqian_4, rand_demon_6,
          uniq_lom_lobon, pan_blood_fountain_2, cerebov, uniq_lom_lobon,
          evilmike_mini_pan_corridor, pan_blood_fountain_small,
          pan_blood_fountain, pan_blood_fountain_2, uniq_lom_lobon
Zig:8:    ziggurat_pillar_centre_smoke
Zig:11:   ziggurat_pillar_centre_dead_trees
Zig:13:   ziggurat_pillar_centre_oklobs
IceCv:    ice_cave_tombish

Action                   |  1- 3 |  4- 6 |  7- 9 | 10-12 | 13-15 | 16-18 | 19-21 | 22-24 | 25-27 || total
-------------------------+-------+-------+-------+-------+-------+-------+-------+-------+-------++-------
Melee: Dagger            |    14 |    26 |    30 |       |       |       |       |       |       ||    70
       Whip              |     4 |       |       |       |       |       |       |       |       ||     4
       Unarmed           |     1 |     3 |       |       |       |       |       |       |       ||     4
       Glaive            |       |       |   196 |  1025 |  1312 |  1356 |  1524 |  1719 |  1977 ||  9109
       Trident           |       |       |       |       |    77 |       |       |       |       ||    77
 Fire: Blowgun           |       |       |       |     1 |     1 |    13 |       |       |       ||    15
Throw: Stone             |    12 |     5 |     2 |       |       |       |       |       |       ||    19
       Javelin           |       |       |    15 |     1 |       |     3 |     7 |     6 |    10 ||    42
       Tomahawk          |       |       |       |       |       |     4 |       |       |       ||     4
       Throwing net      |       |       |       |       |       |       |     1 |       |       ||     1
 Cast: Freeze            |    35 |    49 |    87 |    20 |     5 |     1 |       |       |       ||   197
       Ozocubu's Armour  |       |     1 |    15 |    48 |    64 |    61 |    36 |       |       ||   225
       Condensation Shie |       |     1 |     3 |    13 |    16 |    17 |    24 |    42 |     4 ||   120
       Summon Ice Beast  |       |       |       |     9 |    28 |     7 |     8 |       |       ||    52
       Spectral Weapon   |       |       |       |       |    35 |    89 |   114 |    61 |    61 ||   360
       Regeneration      |       |       |       |       |     7 |    40 |    23 |    59 |    27 ||   156
       Repel Missiles    |       |       |       |       |     4 |     7 |     4 |     2 |       ||    17
       Song of Slaying   |       |       |       |       |     2 |     9 |     3 |     9 |    11 ||    34
       Summon Butterflie |       |       |       |       |       |    19 |       |       |     3 ||    22
       Swiftness         |       |       |       |       |       |     1 |       |       |       ||     1
       Passage of Golubr |       |       |       |       |       |       |     6 |    19 |    72 ||    97
       Silence           |       |       |       |       |       |       |     3 |    31 |       ||    34
       Phase Shift       |       |       |       |       |       |       |       |     5 |    20 ||    25
       Shadow Creatures  |       |       |       |       |       |       |       |    10 |    30 ||    40
       Deflect Missiles  |       |       |       |       |       |       |       |       |     9 ||     9
       Apportation       |       |       |       |       |       |       |       |       |    71 ||    71
       Blink             |       |       |       |       |       |       |       |       |    11 ||    11
       Haste             |       |       |       |       |       |       |       |       |    17 ||    17
       Passwall          |       |       |       |       |       |       |       |       |     3 ||     3
       Aura of Abjuratio |       |       |       |       |       |       |       |       |     3 ||     3
Invok: Major Destruction |       |       |       |       |     1 |       |       |       |       ||     1
       Lesser Servant of |       |       |       |       |     3 |     8 |     1 |     1 |       ||    13
       Greater Servant o |       |       |       |       |     1 |     2 |       |       |       ||     3
 Abil: Evoke Invisibilit |       |     1 |     2 |     8 |     1 |     6 |       |       |     2 ||    20
       Turn Visible      |       |       |       |       |       |     3 |       |       |       ||     3
       Stop Singing      |       |       |       |       |       |       |       |       |     2 ||     2
       Evoke Teleportati |       |       |       |       |       |       |       |       |   140 ||   140
Evoke: Wand              |       |       |       |     2 |    17 |    16 |     2 |     1 |    16 ||    54
       Phial of floods   |       |       |       |     1 |     1 |     5 |     4 |     5 |     6 ||    22
       Fan of gales      |       |       |       |       |       |     1 |     1 |     1 |     2 ||     5
       Lamp of fire      |       |       |       |       |       |       |     3 |     4 |     7 ||    14
       Sack of spiders   |       |       |       |       |       |       |     1 |       |       ||     1
       Deck              |       |       |       |       |       |       |       |     2 |     4 ||     6
       Staff of energy   |       |       |       |       |       |       |       |       |    79 ||    79
  Use: Scroll            |     2 |       |    11 |     5 |    15 |    12 |    17 |    19 |    29 ||   110
       Potion            |       |       |     3 |     3 |     7 |    12 |     2 |     3 |    15 ||    45
 Stab: Sleeping          |     5 |     2 |     6 |    14 |    36 |    15 |     8 |    12 |    14 ||   112
       Distracted        |       |       |     1 |     2 |    17 |    32 |    33 |    25 |    44 ||   154
       Invisible         |       |       |     1 |    54 |     7 |    16 |       |       |    11 ||    89
       Held in net/web   |       |       |       |       |     2 |       |       |       |       ||     2
       Confused          |       |       |       |       |     1 |       |       |       |       ||     1
       Paralysed         |       |       |       |       |       |     1 |       |       |       ||     1
  Eat: Chunk             |       |     1 |     8 |    26 |    21 |     1 |    11 |     3 |     3 ||    74
       Meat ration       |       |     1 |       |       |     2 |     5 |     4 |     7 |     8 ||    27
       Beef jerky        |       |       |     1 |     2 |     3 |     5 |     1 |       |     4 ||    16
       Fruit             |       |       |       |     4 |     3 |       |       |       |     1 ||     8
       Pizza             |       |       |       |       |       |       |     1 |       |     2 ||     3
       Royal jelly       |       |       |       |       |       |       |       |     1 |    17 ||    18

Vault maps used:
D:1:      minmay_arrival_hallway
D:2:      nicolae_overflow_crystal_walls, nicolae_overflow_quartered_altars,
          first_bread, serial_bayou_lake_a, uniq_terence
D:3:      old_standard_altar
D:4:      serial_shops, nicolae_shop_behind_doors, hangedman_decor_riveting,
          hangedman_decor_clover_reticule
D:5:      uniq_pikel
D:6:      basic_altar, uniq_blork_the_orc
D:7:      grunt_gozag_statues, minmay_temple_entry_mist, serial_shops, shop
D:9:      serial_curves, eino_curves_04, eino_curves_01, grunt_ogre_cave
D:10:     serial_bayou_pond_b, uniq_josephine
D:11:     dpeg_lair_monsters
D:12:     orc_0_dummy, jiyva_altar_1
D:13:     kennysheep_big_flooded_room, lightli_vaults_fourway_checkpoint
D:14:     wad_floor_pattern_2, grunt_decor_one_mirror, minmay_brain_eaters
D:15:     gammafunk_depths_entry_grave, serial_bayou_lagoon_a, uniq_rupert
Temple:   circular_temple_pool_12
Lair:1:   beast_lair_carwin_1, uniq_gastronok
Lair:2:   minmay_lair_oklob_items, serial_bayou_pond_b,
          minmay_lair_oklob_bushes, serial_bayou_shore_a
Lair:3:   boulder_dual_corridor_run, nicolae_spider_entry_orb_guardian
Lair:4:   minmay_holes, grunt_megastairs_1
Lair:5:   st_stairs_12, pond, lemuel_fruit_fields, infiniplex_staircase_pool_2
Lair:6:   swamp_mist, minmay_lair_drake_nest, grunt_megastairs_3
Lair:7:   beast_lair_carwin_large_4, minmay_slime_entry_oklob_enclosed,
          minivault_19, uniq_kirke
Lair:8:   grunt_lair_end_beastmaster
Swamp:1:  nicolae_swamp_dense_foliage
Swamp:2:  infiniplex_staircase_pool, uniq_roxanne
Swamp:3:  nicolae_swamp_phyte_club, evilmike_swamp_ruin_house_2, swamp_pool3,
          hangedman_swamp_lotus, nicolae_swamp_feature_on_the_river_bank
Swamp:4:  swamp, portal_ice_cave_entry_imps
Spider:1: uniq_agnes
Spider:3: uniq_louise, uniq_norris
Spider:4: guppyfry_spider_rune, nicolae_spider_shape
Slime:2:  uniq_dissolution
Slime:4:  nicolae_slime_phagocytosis
Orc:1:    serial_shops, nicolae_shop_temple_entry_statues_fountains
Orc:2:    special_room
Orc:3:    basic_altar, nicolae_orc_pool_cavern
Orc:4:    st_orc_ogre_mass, mines_bat_river
Vaults:1: v_misc_22, hangedman_vaults_nails, v_misc_19,
          nicolae_vaults_shelves_hall, nicolae_vaults_murderbox,
          hangedman_vaults_slice, v_misc_5, nicolae_vaults_ninety_degrees,
          vaults_room_grunt_arrival_ludios, ontoclasm_vaults_decontamination,
          v_misc_4, basic_altar
Vaults:2: ontoclasm_vaults_spin, hangedman_vaults_river_flow, sword_in_stone,
          vaults_room_grunt_arrival_checkpoint, v_misc_33, hangedman_vaults_hat,
          nicolae_vaults_diagonal_hallway_9, dpeg_vaults_monster_box,
          uniq_mennas
Vaults:3: ontoclasm_vaults_idyll, vaults_room_stairs_pillars,
          hangedman_vaults_cutoff, vaults_dpeg_hooks, v_alt_pattern_1,
          nicolae_vaults_ring_of_whatevers, v_alt_pattern_3,
          minmay_crypt_entry_nasty_monster, grunt_vaults_funnel,
          nicolae_vaults_what_the_h, ontoclasm_vaults_shout,
          nicolae_vaults_diagonal_hallway_7, ontoclasm_vaults_chip, v_misc_26,
          uniq_aizul, uniq_donald
Vaults:4: hangedman_vaults_nodes, grunt_vaults_bifocal, v_misc_13,
          nicolae_vaults_hallways_thing, vaults_dpeg_encased_lava,
          ontoclasm_vaults_shuriken, nicolae_vaults_theta,
          nicolae_vaults_quadrants, v_misc_29, hangedman_vaults_maws, v_misc_24,
          vaults_room_pool
Crypt:1:  lemuel_upstairs_altar, basic_altar, hex_tiny, minmay_misc_feat_five,
          grunt_crypt_arrival_webbed
Crypt:2:  corexii_leaking_fountain, uniq_wiglaf, uniq_xtahua, uniq_frederick
Crypt:3:  grunt_crypt_end_deaths_head
Depths:1: hex_medium, lightli_too_deep, kennysheep_generic_room_8,
          kennysheep_random_hallway
Depths:2: hangedman_screamer, enter_ziggurat_f, hell_entry, hangedman_aviary,
          infiniplex_staircase_squiggle
Depths:3: minmay_quarter_circles, serial_sigils, serial_sigils_hangedman_gnaw,
          serial_sigils_hangedman_gut, serial_sigils_hangedman_writhe,
          serial_sigils_hangedman_carve, grunt_pan_entry_spiral, abyss_entry,
          hell_entry, minmay_misc_feat_square, uniq_mara
Depths:4: nicolae_whirlpool, kennysheep_donut, abyss_entry, serial_shops, shop,
          grunt_hell_entry_dis_grunt, hangedman_devilish_allure
Depths:5: grunt_twist_and_shout, hellmouth_1, nrook_mini_vaults, abyss_entry,
          enter_trove_0, uniq_enchantress
Coc:6:    serial_ice, serial_ice_a, serial_ice_f
Coc:7:    coc_grunt
Abyss:1:  evilmike_abyss_exit_2
Abyss:2:  hangedman_abyss_lost_library
Abyss:3:  abyss_furniture_001, evilmike_abyss_exit_chaos
Abyss:4:  evilmike_abyss_exit_glass, kb_abyss_rune_zappy
Pan:      nicolae_pan_glass_arcs, evilmike_mini_pan_thingy,
          reaverb_pan_figure_eight, grunt_pan_in_and_out, grunt_pan_spiral,
          lemuel_hellion_island, evilmike_holy_pan, mnoleg_st, rand_demon_1,
          nicolae_pan_cerebovesque_2, rand_demon_1, enter_ziggurat_pan_d,
          pan_blood_fountain_small, nicolae_pan_diamonds,
          evilmike_mini_pan_diamond, pan_blood_fountain,
          nicolae_pan_mnolegish_3, grunt_pan_sceptre, evilmike_mini_pan_rooms,
          uniq_mnoleg, nicolae_pan_mnolegish_3, evilmike_mini_pan_pillars_b,
          pan_blood_fountain, pan_blood_fountain_small, evilmike_mini_pan_doors,
          pan_blood_fountain, uniq_mnoleg, evilmike_mini_pan_corner,
          pan_blood_fountain_small, nicolae_pan_mnolegish_4,
          nicolae_pan_sick_transit, evilmike_mini_pan_pillars,
          gloorx_vloq_grunt, uniq_mnoleg, lom_lobon, uniq_gloorx_vloq,
          pan_blood_fountain_small, rand_demon_9, pan_blood_fountain_small,
          pan_disco_hall, uniq_gloorx_vloq, grunt_pan_pentagram,
          evilmike_mini_pan_diamond, uniq_lom_lobon, uniq_mnoleg,
          evilmike_mini_pan_3x3, uniq_gloorx_vloq, nicolae_pan_sigil_nadil,
          evilmike_mini_pan_rooms, uniq_lom_lobon, evilmike_mini_pan_T,
          evilmike_mini_pan_pillars_b, uniq_lom_lobon, pan_blood_fountain,
          pan_blood_fountain_2, nicolae_pan_gloorx_vloqian_4, rand_demon_6,
          uniq_lom_lobon, pan_blood_fountain_2, cerebov, uniq_lom_lobon,
          evilmike_mini_pan_corridor, pan_blood_fountain_small,
          pan_blood_fountain, pan_blood_fountain_2, uniq_lom_lobon
Zig:8:    ziggurat_pillar_centre_smoke
Zig:11:   ziggurat_pillar_centre_dead_trees
Zig:13:   ziggurat_pillar_centre_oklobs
IceCv:    ice_cave_tombish

Table legend:
 A = Turns spent in this place as a percentage of turns spent in the entire game.
 B = Non-inter-level travel turns spent in this place as a percentage of non-inter-level travel turns spent in the entire game.
 C = Inter-level travel turns spent in this place as a percentage of turns spent in this place.
 D = Turns resting spent in this place as a percentage of non-inter-level travel turns spent in this place.
 E = Turns spent auto-exploring this place as a percentage of non-inter-level travel turns spent in this place.
 F = Non-inter-level travel turns spent in this place divided by the number of levels of this place that you've seen.
                   A       B       C       D       E      F
               +-------+-------+-------+-------+-------+----------------------
         Total | 100.0 | 100.0 |   0.2 |   0.1 |   0.0 | 332.0
       Dungeon |  16.0 |  16.0 |   0.5 |   0.2 |   0.0 | 406.1
        Temple |   0.0 |   0.0 |   0.0 |   0.0 |   0.0 |   8.0
          Lair |   7.2 |   7.2 |   0.7 |   0.0 |   0.0 | 342.5
         Swamp |   4.2 |   4.1 |   0.4 |   0.1 |   0.0 | 395.5
   Spider Nest |   5.4 |   5.4 |   0.2 |   0.0 |   0.0 | 515.0
    Slime Pits |   7.3 |   7.3 |   0.1 |   0.0 |   0.0 | 465.2
  Orcish Mines |   6.0 |   6.0 |   0.4 |   0.0 |   0.0 | 574.2
        Vaults |  12.9 |  12.9 |   0.2 |   0.2 |   0.0 | 988.0
         Crypt |   4.6 |   4.6 |   0.1 |   0.0 |   0.0 | 591.3
          Tomb |   8.5 |   8.6 |   0.0 |   0.0 |   0.0 | 1089.3
        Depths |   5.5 |   5.5 |   0.0 |   0.0 |   0.0 | 419.6
          Hell |   0.2 |   0.2 |   0.0 |   0.0 |   0.0 |  67.0
       Cocytus |   1.1 |   1.1 |   0.0 |   0.0 |   0.0 |  61.1
         Abyss |   2.7 |   2.7 |   0.0 |   0.0 |   0.0 | 207.4
   Pandemonium |  13.1 |  13.1 |   0.0 |   0.0 |   0.0 | 167.3
      Ziggurat |   4.3 |   4.3 |   0.0 |   0.0 |   0.0 | 127.2
      Ice Cave |   0.8 |   0.8 |   0.0 |   0.0 |   0.0 | 320.0
               +-------+-------+-------+-------+-------+----------------------
